 Dungeon Crawl Stone Soup version 0.25-a0-561-g0977b4d109 (webtiles) character file.

Game seed: 8634779455488241355, levelgen mode: deterministic

9491 Flugslaktarn the Cleaver (level 11, -12/103 HPs)
             Began as a Deep Dwarf Fighter on Feb 26, 2020.
             Was a Priest of Makhleb.
             Mangled by a very large slime creature (23 damage)
             ... on level 10 of the Dungeon.
             The game lasted 00:05:28 (6559 turns).

Flugslaktarn the Cleaver (Deep Dwarf Fighter)       Turns: 6559, Time: 00:05:28

Health: -12/103    AC: 17    Str: 26    XL:     11   Next: 23%
Magic:  0/0        EV:  8    Int: 10    God:    Makhleb [***...]
Gold:   963        SH:  0    Dex: 12    Spells: 10/10 levels left

rFire    . . .     SeeInvis .   n - +0 battleaxe
rCold    . . .     Gourm    .   (shield currently unavailable)
rNeg     . . .     Faith    .   m - +0 plate armour
rPois    .         Spirit   .   (no helmet)
rElec    .         Reflect  .   j - +0 cloak
rCorr    .         Harm     .   B - +0 pair of gloves
MR       +....                  (no boots)
Stlth    ..........             (no amulet)
HPRegen  0.00/turn              C - +1 ring of evasion
MPRegen  0.07/turn              x - +4 ring of strength

@: non-regenerating
A: damage resistance, heal wounds, sense surroundings 2, no regeneration
a: Heal Wounds, Minor Destruction, Lesser Servant of Makhleb, Renounce Religion


You were on level 10 of the Dungeon.
You worshipped Makhleb.
Makhleb was most pleased with you.
You were not hungry.

You visited 2 branches of the dungeon, and saw 11 of its levels.
You also visited: Ossuary and Bailey.

You collected 963 gold pieces.

Inventory:

Hand Weapons
 a - a +0 war axe
 n - a +0 battleaxe (weapon)
   (You took it off an orc warrior on level 6 of the Dungeon)
Missiles
 i - 131 arrows
 G - 4 throwing nets (quivered)
Armour
 c - a +0 kite shield
 j - a +0 cloak (worn)
   (You found it on level 4 of the Dungeon)
 m - a +0 plate armour (worn)
   (You took it off an orc warrior on level 6 of the Dungeon)
 B - a +0 pair of gloves (worn)
   (You found it on level 7 of the Dungeon)
 F - a +0 troll leather armour
   (You found it on level 9 of the Dungeon)
Jewellery
 k - an uncursed ring of resist corrosion
   (You found it on level 5 of the Dungeon)
 x - a +4 ring of strength (right hand)
   (You found it on level 6 of the Dungeon)
 A - an uncursed ring of protection from cold {unknown}
   (You found it on level 8 of the Dungeon)
 C - a +1 ring of evasion (left hand)
   (You took it off a crimson imp on level 5 of the Dungeon)
Wands
 v - a wand of digging (3)
   (You found it on level 8 of the Dungeon)
 y - a wand of enslavement (4)
   (You found it on level 7 of the Dungeon)
Scrolls
 l - 3 scrolls of immolation
 o - a scroll of magic mapping
 r - 4 scrolls of identify
 t - a scroll of teleportation
 u - a scroll of holy word {unknown}
 w - 3 scrolls of remove curse
 I - a scroll of brand weapon {unknown}
Potions
 b - 3 potions of degeneration {unknown}
 d - a potion of might
 f - a potion of mutation {unknown}
 g - 2 potions of lignification {unknown}
 h - 2 potions of brilliance {unknown}
 q - 3 potions of curing
 s - 2 potions of berserk rage
 z - a potion of magic {unknown}
 D - 4 potions of flight
 E - 2 potions of haste {unknown}
 H - a potion of stabbing {unknown}
Miscellaneous
 J - a lamp of fire (inert)
   (You found it in a bailey)
Comestibles
 e - 15 rations


   Skills:
 + Level 7.8 Fighting
 * Level 12.1 Axes
 + Level 9.3 Armour
 - Level 6.8 Shields
 + Level 7.4 Invocations


You had 10 spell levels left.
You didn't know any spells.
Your spell library was empty.

Dungeon Overview and Level Annotations

Branches:
Dungeon (10/15)            Temple (1/1) D:6         Ossuary (visited)
 Bailey (visited)
   Lair: D:8-11         Orc: D:9-12

Altars:
Cheibriados
Dithmenos
Elyvilon
Fedhas
Gozag
Hepliaklqana
Kikubaaqudgha
Makhleb
Nemelex Xobeh
Okawaru
Qazlal
Ru
Sif Muna
Trog
Uskayaw
Vehumet
Wu Jian
Xom
Yredelemnul
The Shining One

Shops:
D:7 }

Annotations:
D:9 3 runed translucent doors, emiel's ghost, journeyman GrEE


Innate Abilities, Weirdness & Mutations

You are resistant to damage.
You can heal yourself by infusing magical energy.
You passively map the area around you.
You do not regenerate.


Message History

The slime creature is engulfed in blazing flames.
The very large slime creature is engulfed in blazing flames.
The very large slime creature closely misses you.
A bullfrog comes into view.
The troll is engulfed in blazing flames.
Unknown command.
The bullfrog gives a loud, deep croak!
You slice the very large slime creature!!
The very large slime creature is moderately wounded.
The slime creature is engulfed in blazing flames.
The very large slime creature is engulfed in blazing flames.
The very large slime creature hits you.
* * * LOW HITPOINT WARNING * * *
The troll is engulfed in blazing flames.
The slime creature is engulfed in blazing flames.
You hit the very large slime creature but do no damage.
The very large slime creature is moderately wounded.
The very large slime creature is engulfed in blazing flames.
The very large slime creature hits you!!
You die...

#### *
##############..#
#.@JTJ○○☼○......#
#.###J..........#
* #.
#####.......# * *
#. ,,,#+####..###
, , .F , ,
,#..†.. , , .. ,,
* #..!†J , , , ,
... , ,#....†.# ,
,, ... ,,
#......+ , , ,,
#....###


You could see a very large slime creature, 2 slime creatures, a troll and a
bullfrog.

Vanquished Creatures
  Harold (D:9)
  2 two-headed ogres
  Joseph (D:8)
  A troll (D:9)
  Grinder (D:5)
  2 hippogriffs
  Sigmund (D:4)
  A human (D:7)
  4 hogs (D:7)
  Grum (D:9)
  A hungry ghost (D:7)
  A steam dragon (D:7)
  Menkaure (D:7)
  Edmund (D:5)
  10 orc warriors
  2 sky beasts (D:5)
  3 ogres
  2 wolves (D:9)
  2 phantoms
  5 centaurs
  2 elf zombies
  A big kobold (D:8)
  10 bullfrogs
  An elf skeleton (D:5)
  2 scorpions
  5 killer bees (D:7)
  2 howler monkeys (D:5)
  5 crimson imps
  A quasit (D:9)
  A bullfrog zombie (D:8)
  A bullfrog skeleton (D:9)
  13 hounds
  A human zombie (D:5)
  3 jellies
  4 orc priests (D:6)
  A centaur skeleton (D:6)
  2 orc wizards (D:6)
  Crazy Yiuf (D:5)
  An iguana (D:7)
  7 worker ants
  3 big kobold zombies (Ossuary)
  2 mummies (Ossuary)
  5 gnolls
  15 adders
  2 shadow imps (D:8)
  3 adder skeletons
  An adder zombie (Ossuary)
  2 worms (D:5)
  A dart slug (D:2)
  3 leopard geckos
  18 orcs
  4 giant cockroaches
  9 goblins
  3 hobgoblins
  15 jackals
  14 kobolds
  5 quokkas
  2 ball pythons
  2 bats
  3 frilled lizards
  2 goblin zombies (Ossuary)
  9 hobgoblin zombies (Ossuary)
  4 jackal zombies (Ossuary)
  8 kobold zombies (Ossuary)
  10 orc zombies
  2 rats
  2 rat zombies (Ossuary)
256 creatures vanquished.

Notes
Turn   | Place    | Note
-------+----------+-------------------------------------------
     0 | D:1      | Flugslaktarn the Deep Dwarf Fighter began the quest for the
                  | Orb.
     0 | D:1      | Reached XP level 1. HP: 20/20 MP: 1/1
    30 | D:1      | Reached XP level 2. HP: 27/27 MP: 2/2
   163 | D:2      | Reached skill level 3 in Axes
   164 | D:2      | Reached XP level 3. HP: 30/34 MP: 3/3
   252 | D:3      | Found a bloodstained altar of Trog.
   282 | D:4      | Reached XP level 4. HP: 29/42 MP: 4/4
   351 | D:4      | Noticed Sigmund
   380 | D:4      | Killed Sigmund
   380 | D:4      | Reached skill level 4 in Axes
   380 | D:4      | Reached XP level 5. HP: 50/50 MP: 5/5
   380 | D:4      | Reached XP level 6. HP: 57/57 MP: 6/6
   573 | D:4      | Reached skill level 5 in Axes
   761 | D:4      | Reached XP level 7. HP: 64/64 MP: 5/5
   949 | D:5      | Entered Level 5 of the Dungeon
   962 | D:5      | Reached skill level 5 in Armour
   962 | D:5      | Reached skill level 5 in Shields
  1009 | D:5      | Reached skill level 6 in Axes
  1070 | D:5      | You fall into a shaft and drop 1 floor!
  1218 | D:6      | Reached XP level 8. HP: 43/73 MP: 6/6
  1229 | D:5      | Noticed Edmund
  1245 | D:5      | Killed Edmund
  1245 | D:5      | Reached skill level 7 in Axes
  1328 | D:5      | Reached skill level 5 in Fighting
  1504 | D:5      | Found a sand-covered staircase.
  1510 | Ossuary  | Entered an ossuary
  1586 | Ossuary  | Reached skill level 8 in Axes
  1935 | D:5      | Found a shimmering blue altar of Sif Muna.
  1973 | D:5      | Found a white marble altar of Elyvilon.
  2037 | D:5      | Found a runed translucent door.
  2038 | D:5      | Noticed Crazy Yiuf
  2466 | D:5      | Noticed Grinder
  2468 | D:5      | Paralysed by Grinder for 5 turns
  2487 | D:5      | Killed Grinder
  2487 | D:5      | Gained mutation: You passively map the area around you.
                  | [Deep Dwarf growth]
  2487 | D:5      | Reached XP level 9. HP: 68/81 MP: 4/4
  2627 | D:5      | Killed Crazy Yiuf
  2729 | D:6      | Found a staircase to the Ecumenical Temple.
  2786 | Temple   | Entered the Ecumenical Temple
  3006 | Temple   | Became a worshipper of Makhleb the Destroyer
  3083 | D:6      | Reached skill level 1 in Invocations
  3206 | D:6      | Reached skill level 9 in Axes
  3655 | D:7      | Noticed Menkaure
  3661 | D:7      | Killed Menkaure
  3759 | D:7      | Reached * piety under Makhleb
  3999 | D:7      | Found Huitiuse's Gadget Emporium.
  4145 | D:7      | Reached skill level 10 in Axes
  4256 | D:7      | Reached XP level 10. HP: 79/92 MP: 4/4
  4612 | D:8      | Found a stormy altar of Qazlal.
  4737 | D:8      | Reached skill level 5 in Invocations
  4876 | D:8      | Noticed a two-headed ogre
  4881 | D:8      | Killed a two-headed ogre
  4881 | D:8      | Reached ** piety under Makhleb
  4881 | D:8      | Reached skill level 11 in Axes
  4920 | D:8      | Noticed Joseph
  4935 | D:8      | Killed Joseph
  5053 | D:8      | Found a blossoming altar of Fedhas.
  5317 | D:9      | Found an opulent altar of Gozag.
  5422 | D:9      | Noticed Grum
  5437 | D:9      | Killed Grum
  5451 | D:9      | Found a runed translucent gate.
  5451 | D:9      | Found a runed translucent gate.
  5451 | D:9      | Found a runed translucent gate.
  5451 | D:9      | Noticed emiel's ghost (journeyman GrEE)
  5479 | D:9      | Noticed Harold
  5507 | D:9      | Killed Harold
  5599 | D:9      | Reached XP level 11. HP: 88/100 MP: 5/5
  5985 | D:10     | Entered Level 10 of the Dungeon
  6027 | D:10     | Noticed a two-headed ogre
  6038 | D:10     | Killed a two-headed ogre
  6073 | D:10     | Found a flagged portal.
  6079 | Bailey   | Entered a bailey
  6128 | Bailey   | Reached skill level 12 in Axes
  6216 | Bailey   | Reached *** piety under Makhleb
  6478 | D:10     | HP: 4/102 [troll (6)]
  6559 | D:10     | Mangled by a very large slime creature

Levels and vault maps discovered:
D:1:      dpeg_arrival_rhombus, layout_basic, minmay_hexomino_u4
D:2:      layout_basic, zin_angel, serial_glass, glass_columns_a,
          glass_columns_a
D:3:      layout_rooms, nicolae_ashenzari_panopticon, bloody_trog, uniq_ijyb
D:4:      minmay_opposing_rooms, layout_cave_pools, first_ration, uniq_sigmund
D:5:      layout_layer_cave, nicolae_overflow_hidden_temple,
          kennysheep_mini_moat, nicolae_ossuary_entry_catacombs,
          uniq_crazy_yiuf_cottage, uniq_edmund, uniq_grinder
D:6:      layout_loops_ring, minmay_temple_entry_grid
D:7:      layout_loops_ring, grunt_livestock, kennysheep_windowed_goal,
          uniq_menkaure
D:8:      layout_cave_pods, old_standard_altar, overflow_temple_1_default,
          uniq_joseph
D:9:      layout_loops_ring, grunt_gozag_statues, gammafunk_ghost_spectres,
          uniq_harold, uniq_grum
D:10:     minmay_firetagon, layout_irregular_city, erik_lair_island,
          enter_bailey_3
Temple:   eino_temple_water

Skill      XL: |  1  2  3  4  5  6  7  8  9 10 11 |
---------------+----------------------------------+-----
Axes           | 3 4 5 6 8 10 11 12 | 12.1
Fighting       | 3 4 5 6 7 |  7.8
Armour         | 4 5 6 7 9 |  9.3
Shields        | 4 5 6 |  6.8
Invocations    | 4 6 7 |  7.4

Action                   |  1- 3 |  4- 6 |  7- 9 | 10-12 || total
-------------------------+-------+-------+-------+-------++-------
Melee: War axe           |    72 |   112 |   449 |       ||   633
       Battleaxe         |       |       |   151 |   292 ||   443
 Abil: Heal Wounds       |       |     6 |    20 |    13 ||    39
Evoke: Lamp of fire      |       |       |       |     1 ||     1
  Use: Scroll            |       |       |     6 |       ||     6
       Potion            |       |       |       |     2 ||     2
  Eat: Chunk             |       |       |    10 |     8 ||    18
       Ration            |       |       |     4 |       ||     4
Armor: Scale mail        |    50 |    58 |    26 |       ||   134
       Chain mail        |       |       |   179 |       ||   179
       Plate armour      |       |       |   174 |   331 ||   505
Dodge: Dodged            |    38 |    40 |   202 |   218 ||   498
Block: Kite shield       |    49 |    62 |   236 |       ||   347

Table legend:
 A = Non-vault XP
 B = Vault XP
 C = Vault XP percentage of total XP
 D = Non-vault monster count
 E = Vault monster count
 F = Vault count percentage of total count
                 A         B        C        D         E       F
            +---------+---------+-------+---------+---------+-------
      Total |    7675 |    5884 |  43.4 |     151 |     105 |  41.0
            +---------+---------+-------+---------+---------+-------
        D:1 |      23 |       0 |   0.0 |      13 |       0 |   0.0
        D:2 |      51 |       0 |   0.0 |       8 |       0 |   0.0
        D:3 |       4 |       0 |   0.0 |       3 |       0 |   0.0
        D:4 |     436 |     282 |  39.3 |      11 |       9 |  45.0
        D:5 |     699 |     701 |  50.1 |      26 |       9 |  25.7
        D:6 |    1429 |       0 |   0.0 |      34 |       0 |   0.0
        D:7 |    1178 |    1298 |  52.4 |      19 |       8 |  29.6
        D:8 |    1754 |     460 |  20.8 |      18 |       1 |   5.3
        D:9 |    1202 |    1396 |  53.7 |      18 |       4 |  18.2
       D:10 |     899 |     267 |  22.9 |       1 |      10 |  90.9
    Ossuary |       0 |     252 | 100.0 |       0 |      39 | 100.0
     Bailey |       0 |    1228 | 100.0 |       0 |      25 | 100.0
            +---------+---------+-------+---------+---------+-------
